Map: 暮色之塔

Players

shengy - Winner!

  • Race: Zerg Zerg
  • League: Platinum

Puaz

  • Race: Terran Terran
  • League: Platinum

VOD

Have the link to the VOD?

Description

Time

  • Played on: Dec. 22, 2015, 10:35 p.m.
  • Length: 19:24
Show
View Real Time Build Order
Export as new Build Order

shengy Zerg - Winner!

Build Orders: Pool First 

Get SALT Encoding   

  12  0:01  Drone  
  13  0:08  Drone  
  14  0:17  Overlord  
  14  0:35  Drone x3  
  17  0:46  Drone  
  17  0:47  Extractor  
  17  0:53  Spawning Pool  
  17  0:57  Drone  
  17  1:08  Drone  
  18  1:24  Hatchery  
  17  1:28  Drone  
  17  1:31  Drone  
  19  1:41  Zergling x2  
  20  1:55  Metabolic Boost  
  20  2:05  Queen  
  20  2:07  Overlord  
  23  2:30  Drone x2  
  23  2:35  Baneling Nest  
  23  2:40  Queen  
  23  2:41  Overlord  
  25  2:59  Zergling x10  
  25  3:04  Zergling x2  
  31  3:12  Overlord  
  31  3:14  Zergling x6  
  34  3:27  Zergling x2  
  34  3:28  Zergling x4  
  37  3:35  Baneling  
  37  3:36  Baneling x5  
  37  3:37  Baneling  
  37  3:41  Zergling x2  
  37  3:42  Zergling x2  
  39  3:57  Zergling x4  
  27  4:31  Zergling x10  
  32  4:40  Drone  
  33  5:04  Drone x2  
  33  5:06  Drone  
  36  5:14  Drone  
  37  5:38  Drone x2  
  37  5:39  Drone, Roach Warren  
  36  5:58  Drone  
  36  5:59  Drone x4  
  41  6:10  Spore Crawler  
  40  6:13  Spore Crawler, Drone  
  40  6:15  Extractor  
  40  6:17  Drone  
  40  6:20  Drone  
  40  6:25  Drone x2  
  43  6:41  Baneling x3  
  43  6:48  Overlord x2  
  43  6:49  Overlord x2  
  43  7:08  Baneling x2  
  43  7:13  Lair  
  43  7:14  Drone  
  43  7:15  Drone x3  
  47  7:17  Extractor  
  47  7:19  Drone x4  
  50  7:29  Drone x3  
  53  7:30  Drone  
  45  7:47  Drone x4  
  49  7:55  Drone x4  
  49  7:56  Drone x3  
  56  8:05  Extractor  
  54  8:18  Spore Crawler  
  49  8:30  Spore Crawler  
  49  8:31  Drone  
  49  8:34  Spire  
  48  8:38  Spore Crawler  
  48  8:41  Spore Crawler  
  46  8:44  Drone  
  47  8:58  Drone x5  
  47  8:59  Drone  
  53  9:12  Overlord x3  
  53  9:47  Mutalisk  
  53  9:48  Mutalisk x6  
  67  9:59  Mutalisk x3  
  71  10:19  Hatchery, Overlord x2  
  65  10:44  Corruptor x3  
  65  10:45  Corruptor x3  
  77  11:17  Zergling x6  
  80  11:19  Corruptor x2  
  80  11:20  Corruptor  
  80  11:24  Drone x3  
  71  12:21  Queen  
  73  12:31  Hatchery  
  73  12:34  Infestation Pit  
  71  12:40  Hatchery  
  61  13:33  Swarm Host  
  94  13:41  Zergling x6  
  87  13:56  Zergling x10  
  87  13:57  Zergling x2  
  87  14:02  Baneling x6  
  90  14:18  Zergling x6  
  90  14:19  Zergling x12  
  90  14:20  Zergling x2  
  100  14:36  Queen  
  102  14:39  Extractor x2  
  100  14:48  Burrow  
  100  14:50  Drone x2  
  100  14:51  Overlord x2  
  100  14:52  Glial Reconstitution, Overlord  
  102  15:09  Corruptor x3  
  102  15:11  Corruptor  
  100  15:31  Corruptor x4  
  107  15:45  Zergling x12  
  103  16:29  Corruptor  
  103  16:30  Corruptor x5  
  109  16:46  Corruptor x2  
  111  16:55  Drone x7  
  111  16:57  Overlord x2  
  109  17:46  Overlord x2  
  109  17:50  Drone x4  
  109  17:51  Drone x2  
  115  17:54  Extractor  
  115  17:56  Extractor  
  113  18:01  Corruptor x3  
  119  18:06  Hive  
  119  18:12  Hatchery, Extractor  
  117  18:15  Extractor  
  116  18:33  Roach x7  
  116  18:34  Roach x3  
  136  18:52  Zergling x14  
Show
View Real Time Build Order
Export as new Build Order

Puaz Terran 

Build Orders: 1/1/1 

Get SALT Encoding   

  12  0:01  SCV  
  13  0:13  SCV  
  14  0:18  Supply Depot  
  14  0:25  SCV  
  15  0:37  Refinery  
  15  0:41  Barracks  
  15  0:44  SCV  
  16  0:56  SCV  
  17  1:03  Refinery  
  17  1:08  SCV  
  18  1:20  SCV  
  19  1:32  SCV, Marine  
  21  1:34  Factory  
  21  1:44  SCV  
  22  1:52  Supply Depot  
  22  1:55  Barracks Reactor  
  22  1:56  SCV  
  23  2:09  Orbital Command  
  23  2:24  Starport  
  22  2:36  Hellion x2  
  27  2:37  SCV  
  27  2:49  SCV  
  28  2:52  Engineering Bay  
  28  2:57  Hellion  
  30  3:06  Supply Depot  
  30  3:12  Barracks Tech Lab  
  30  3:13  Starport Tech Lab  
  30  3:15  SCV  
  31  3:28  Hellion  
  33  3:39  Command Center  
  33  3:46  Hellion  
  33  4:07  Liberator  
  9  4:49  Orbital Command  
  9  5:15  SCV  
  10  5:37  SCV  
  10  5:38  Factory Tech Lab  
  11  5:47  Starport Reactor  
  11  5:49  SCV  
  12  5:51  Marine  
  13  6:01  SCV  
  13  6:03  Siege Tank  
  17  6:07  Liberator x2  
  17  6:13  SCV  
  24  6:25  SCV  
  24  6:31  Supply Depot  
  25  6:45  Widow Mine  
  25  6:46  Marine  
  28  6:51  Refinery  
  28  6:57  SCV  
  29  7:09  SCV  
  30  7:17  Widow Mine  
  30  7:21  SCV  
  33  7:33  SCV  
  34  7:46  Marine  
  34  7:49  SCV  
  36  7:53  Refinery  
  36  7:55  Supply Depot x2  
  36  8:01  SCV  
  36  8:04  Marine  
  38  8:14  SCV  
  39  8:39  SCV  
  39  8:41  Barracks  
  40  8:42  Supply Depot  
  40  8:43  Medivac, Barracks Tech Lab  
  40  8:45  Hellion  
  44  8:51  SCV  
  45  8:59  Liberator  
  45  9:05  Supply Depot  
  45  9:14  SCV  
  49  9:17  Marine  
  50  9:26  SCV  
  51  9:31  Orbital Command  
  51  9:35  Marine  
  51  9:36  Engineering Bay  
  51  9:38  Supply Depot, SCV  
  52  10:03  SCV  
  53  10:14  Marine  
  53  10:15  SCV  
  53  10:18  Liberator x2  
  55  10:27  SCV  
  53  10:36  Widow Mine  
  53  10:39  Missile Turret  
  53  10:40  Barracks Reactor  
  53  10:41  Stimpack  
  55  10:46  Missile Turret  
  55  10:49  Refinery  
  55  10:50  Missile Turret  
  55  10:52  SCV  
  55  10:54  Refinery  
  56  11:01  Liberator  
  47  11:19  Marine x3  
  47  11:20  Liberator  
  50  11:37  Marine  
  50  11:38  Marine  
  50  11:39  Marine  
  55  11:55  Marine, Command Center  
  50  12:19  Marine x3  
  50  12:21  Widow Mine  
  55  12:25  Armory  
  55  12:30  Barracks  
  55  12:31  Medivac x2  
  55  12:32  Barracks  
  55  12:37  Marine  
  60  13:17  Orbital Command, SCV  
  61  13:29  SCV  
  61  13:30  Missile Turret  
  61  13:31  Barracks Reactor  
  61  13:32  Barracks Reactor, Medivac  
  61  13:34  Widow Mine  
  66  13:55  Missile Turret  
  62  14:05  SCV  
  62  14:06  SCV  
  64  14:18  Orbital Command  
  64  14:24  Thor, Marine  
  64  14:25  Marine x5  
  64  14:26  Orbital Command  
  64  14:28  SCV  
  77  14:44  Liberator x2  
  67  15:02  Marine x4  
  75  15:53  Orbital Command x2  
  55  16:09  SCV  
  56  16:15  Liberator  
  56  16:16  Liberator  
  56  16:21  SCV  
  54  16:34  Marine x3  
  54  16:35  Marine  
  58  16:47  SCV x2  
  60  16:59  SCV x2  
  60  17:00  Widow Mine  
  64  17:11  SCV  
  62  17:23  SCV  
  46  17:46  Marine x3  
  46  17:47  Marine  
  50  17:51  Marine  
  50  17:52  Marine x2  
  50  17:53  Thor  
  59  18:02  Refinery, Starport Reactor  
  59  18:04  Marine, Command Center  
  60  18:08  Missile Turret  
  54  18:23  Liberator x2  
  48  18:32  Marine x5  
  48  18:33  Marine x2  
  57  18:46  Orbital Command  
  57  18:50  Marine x4  
  57  18:53  Hellbat  
Tags
 
Add a new tag
Caveats
  • Supply blocks, unpowered buildings, or Contaminate may cause inaccurate times.
  • Supply counts are checked every 10 seconds.